 Dungeon Crawl Stone Soup version 0.27-a0-1595-g0b823d0a13 (webtiles) character file.

Game seed: 16068340548610082733

821 HoaS the Martial Artist (level 7, -7/53 HPs)
             Began as a Demigod Gladiator on July 20, 2021.
             Mangled by Duvessa (17 damage)
             ... on level 5 of the Dungeon.
             The game lasted 00:09:26 (5292 turns).

HoaS the Martial Artist (Demigod Gladiator)         Turns: 5292, Time: 00:09:26

Health: -7/53      AC: 12    Str: 19    XL:     7   Next: 36%
Magic:  9/9        EV:  8    Int: 10    God:
Gold:   243        SH:  5    Dex: 19    Spells: 6/6 levels left

rFire    . . .     SeeInvis .     - Unarmed
rCold    . . .     Faith    .   (no shield)
rNeg     . . .     Spirit   .   h - +0 chain mail
rPois    .         Reflect  +   b - +1 helmet
rElec    .         Harm     .   (no cloak)
rCorr    .         Rampage  .   m - +1 pair of gloves
Will     .....                  (no boots)
Stlth    ..........             d - amulet of reflection
HPRegen  0.17/turn              (no ring)
MPRegen  0.11/turn              (no ring)

@: no status effects
A: high mp 1, forlorn
a: no special abilities


You were on level 5 of the Dungeon.
You visited 1 branch of the dungeon, and saw 5 of its levels.

You collected 243 gold pieces.

Inventory:

Missiles
 p - a curare-tipped dart (quivered)
 q - 16 poisoned darts
 r - 32 arrows
Armour
 b - a +1 helmet (worn)
 h - a +0 chain mail (worn)
 m - a +1 pair of gloves (worn)
Jewellery
 d - an amulet of reflection (around neck)
Wands
 i - a wand of iceblast (1)
Scrolls
 a - a scroll of teleportation
 k - 2 scrolls of blinking
 o - a scroll of magic mapping {unknown}
Potions
 e - 3 potions of attraction
 f - 4 potions of curing
 g - 2 potions of brilliance {unknown}
 j - a potion of resistance {unknown}
 l - 2 potions of lignification {unknown}
 n - a potion of heal wounds {unknown}


   Skills:
 - Level 1.7 Fighting
 - Level 1.7 Throwing
 - Level 2.6 Dodging
 + Level 8.4 Unarmed Combat


You had 6 spell levels left.
You didn't know any spells.
Your spell library contained the following spells:

 Spells                   Type           Power      Damage    Failure   Level
 Animate Skeleton         Necr           0%         N/A       99%         1
 Magic Dart               Conj           0%         1d3       99%         1
 Pain                     Necr           0%         1d4       99%         1
 Call Imp                 Summ           0%         N/A       100%        2
 Mephitic Cloud           Conj/Pois/Air  0%         N/A       100%        3
 Vampiric Draining        Necr           0%         2d6       100%        3


Dungeon Overview and Level Annotations

Branches:
Dungeon (5/15)
 Temple: D:4-7

Shops:
D:1 (   D:2 (

Annotations:
D:5 Duvessa


Innate Abilities, Weirdness & Mutations

Your attributes grow dramatically as you level up.
You have an increased reservoir of magic. (+10% MP)
You shall have no god before yourself.


Message History

You hit Duvessa but do no damage. You punch Duvessa.
Duvessa is heavily wounded.
Duvessa struggles against the net. x2
You hit Duvessa but do no damage.
Duvessa is heavily wounded.
Duvessa struggles against the net.
You strike the helpless Duvessa from behind!
You hit Duvessa but do no damage.
Duvessa is heavily wounded.
Duvessa struggles against the net.
The net rips apart, and Duvessa comes free!
You hit Duvessa but do no damage.
Duvessa is heavily wounded.
Duvessa barely misses you.
Duvessa hits you with a +6 short sword of protection.
* * * LOW HITPOINT WARNING * * *
You hit Duvessa.
Duvessa is severely wounded.
Duvessa closely misses you.
Throw: throwing net
Press: ? - help, Shift-Dir - straight line, f/p - Duvessa
Aim: Duvessa, wielding a +6 short sword of protection and wearing a +0 leather armour (severely wounded, berserk, 64% to hit)
You throw a throwing net. The throwing net hits Duvessa.
Duvessa is caught in the net!
Duvessa is severely wounded.
Duvessa struggles against the net.
You strike the helpless Duvessa from behind!
You hit Duvessa.
Duvessa is severely wounded.
Duvessa struggles against the net.
You catch the helpless Duvessa completely off-guard!
You hit Duvessa.
Duvessa is severely wounded.
Duvessa struggles against the net.
The net rips apart, and Duvessa comes free!
Duvessa closely misses you.
You punch Duvessa!
Duvessa is almost dead.
Duvessa hits you with a +6 short sword of protection!
You die...

##########
#..)..e@.#
#.######.# ##.##
##...#########
###............#
#.^..<...#####.#
.# #. #.#.....##
#.# ### .# #.#
#.##...#### #.#
#.. .# ### #.#
#.###.....# #.#
#.#


You could see Duvessa (berserk).

Vanquished Creatures
  An ice beast (D:4)
  A centaur (D:5)
  A necrophage (D:5)
  A phantom (D:5)
  A kobold brigand (D:4)
  Dowan (D:5)
  A wight (D:4)
  A bullfrog zombie (D:5)
  A centaur skeleton (D:4)
  2 bullfrog skeletons (D:4)
  An iguana (D:5)
  4 adders
  An ufetubus (D:4)
  An adder zombie (D:5)
  3 adder skeletons (D:4)
  A worm (D:4)
  2 dart slugs
  8 orcs
  9 ball pythons
  7 bats
  6 endoplasms
  4 giant cockroaches (D:2)
  11 goblins
  13 hobgoblins
  5 jackals
  2 quokkas (D:4)
  3 frilled lizards (D:3)
  8 kobolds
  5 rats
105 creatures vanquished.

Notes
Turn   | Place    | Note
-------+----------+-------------------------------------------
     0 | D:1      | HoaS the Demigod Gladiator began the quest for the Orb.
     0 | D:1      | Reached XP level 1. HP: 17/17 MP: 3/3
    97 | D:1      | Reached skill level 3 in Unarmed Combat
   629 | D:1      | Reached XP level 2. HP: 24/24 MP: 4/4
   647 | D:1      | Found Roothawu's Weapon Boutique.
  1219 | D:2      | Reached XP level 3. HP: 26/29 MP: 5/5
  1353 | D:2      | Found Mioheimn's Weapon Shoppe.
  1423 | D:2      | Reached skill level 4 in Unarmed Combat
  2278 | D:3      | Reached XP level 4. HP: 32/36 MP: 6/6
  3118 | D:4      | Reached skill level 5 in Unarmed Combat
  3337 | D:4      | Reached XP level 5. HP: 40/41 MP: 7/7
  3466 | D:4      | Noticed an ice beast
  3490 | D:4      | Killed an ice beast
  3491 | D:4      | Reached skill level 6 in Unarmed Combat
  3672 | D:4      | Reached XP level 6. HP: 44/48 MP: 8/8
  3756 | D:4      | Reached skill level 7 in Unarmed Combat
  4441 | D:5      | Entered Level 5 of the Dungeon
  4829 | D:5      | Reached XP level 7. HP: 41/53 MP: 9/9
  4997 | D:5      | Reached skill level 8 in Unarmed Combat
  5272 | D:5      | Noticed Dowan
  5274 | D:5      | Noticed Duvessa
  5275 | D:5      | Killed Dowan
  5292 | D:5      | Mangled by Duvessa

Illustrated notes

Levels and vault maps discovered:
D:1:      lordsloth_arrival_two_stooges, layout_loops_ring,
          hellmonk_ecumenical_altar_run_dry, serial_shops, shop,
          minmay_tetromino_l2
D:2:      wander_river, layout_loops_cross, serial_shops, nicolae_shop_crystal,
          minivault_25
D:3:      layout_basic
D:4:      layout_basic, kennysheep_mini, nzn_random_ring
D:5:      layout_loops_ring, nicolae_overflow_hidden_temple,
          kennysheep_big_empty_room, uniq_duvessa

Skill      XL: |  1  2  3  4  5  6  7 |
---------------+----------------------+-----
Unarmed Combat | 3 4 5 6 7 8 |  8.4
Fighting       | |  1.7
Throwing       | |  1.7
Dodging        | |  2.6

Action                   |  1- 3 |  4- 6 |  7- 9 || total
-------------------------+-------+-------+-------++-------
Melee: Unarmed           |   202 |   209 |    35 ||   446
       Punch             |     7 |     4 |     3 ||    14
Throw: Throwing net      |       |     3 |     2 ||     5
Evoke: Wand              |       |       |     5 ||     5
  Use: Scroll            |     2 |     9 |       ||    11
 Stab: Sleeping          |     1 |       |       ||     1
       Held in net/web   |       |     2 |     4 ||     6
Armor: Leather armour    |    37 |       |       ||    37
       Chain mail        |    33 |    72 |    24 ||   129
Dodge: Dodged            |    87 |    72 |    11 ||   170
Block: Other             |    26 |    41 |     7 ||    74
       Reflection        |     1 |       |       ||     1

Table legend: (Time is in decaauts)
 A = Elapsed time spent in this place.
 B = Non-inter-level travel time spent in this place.
 C = Inter-level travel time spent in this place.
 D = Time resting spent in this place.
 E = Time spent auto-exploring this place.
 F = Levels seen in this place.
 G = Mean time per level.
                   A        B        C        D        E       F      G
               +--------+--------+--------+--------+--------+-----+--------+
         Total |   5285 |   5140 |    145 |   1239 |   3072 |   5 | 1057.0 |
       Dungeon |   5285 |   5140 |    145 |   1239 |   3072 |   5 | 1057.0 |
               +--------+--------+--------+--------+--------+-----+--------+

Top non-repeatable levels by time:
     D:4: 1398 daAuts
     D:1: 1180 daAuts
     D:3: 995 daAuts
     D:2: 868 daAuts
     D:5: 842 daAuts
